 Dungeon Crawl Stone Soup version 0.31-a0-18-gea43df2a32 (webtiles) character file.

Game seed: 7867230250201255155

4925 scionoferis the Carver (level 10, -28/75 HPs)
             Began as a Djinni Warper on May 12, 2023.
             Was an Elder of Makhleb.
             Annihilated by a shadow (30 damage)
             ... on level 9 of the Dungeon.
             The game lasted 00:43:35 (7336 turns).

scionoferis the Carver (Djinni Warper)              Turns: 7336, Time: 00:43:35

Health: -28/75     AC:  5    Str: 10    XL:     10   Next: 81%
Gold:   443        EV: 12    Int: 18    God:    Makhleb [****..] SH:  0 Dex: 14

rFire   + + .        a - +5 scimitar
rCold   x . .        (no shield)
rNeg    . . .        y - +0 troll leather armour
rPois   ∞            t - +0 helmet
rElec   .            (no cloak)
rCorr   .            (no gloves)
SInv    .            (boots unavailable)
Will    +....        i - amulet of regeneration
Stlth   ++           (no ring)
HPRegen 1.92/turn    (no ring)
MPRegen 0.00/turn

%: infuse magic (-29 HP)
@: flying
A: sickness immunity, fire resistance 2, cold vulnerability 1, float, innate
caster, HP casting, extra vitality 1
a: Renounce Religion, Minor Destruction, Lesser Servant of Makhleb, Major
Destruction


You were on level 9 of the Dungeon.
You worshipped Makhleb.
Makhleb was greatly pleased with you.
You visited 2 branches of the dungeon, and saw 10 of its levels.

You collected 443 gold pieces.


Innate Abilities, Weirdness & Mutations

You are immune to sickness and miasma.
You are immune to poison.
Your flesh is very heat resistant. (rF++)
You are vulnerable to cold. (rC-)
You float through the air rather than walking.
You learn spells naturally, not from books.
Your magical power is your life essence.
You have superior vitality. (+4 MHP)


   Skills:
 + Level 7.4 Fighting
 + Level 9.0 Long Blades
 - Level 0.7 Throwing
 - Level 1.0 Armour
 + Level 3.7 Dodging
 - Level 4.0 Stealth
 * Level 6.4 Spellcasting


You knew the following spells:

 Your Spells              Type           Power      Damage    Failure   Level
a - Blink                 Tloc           56%        N/A       1%          2
b - Lesser Beckoning      Tloc           56%        N/A       1%          2
c - Vhi's Electric Charg  Tloc/Air       56%        N/A       3%          3
d - Teleport Other        Tloc           28%        N/A       3%          3
e - Manifold Assault      Tloc           28%        N/A       11%         4
f - Sandblast             Erth           56%        2d13      1%          1
g - Static Discharge      Conj/Air       56%        2-5/arc   1%          2
h - Stone Arrow           Conj/Erth      56%        3d10      3%          3
i - Swiftness             Air            28%        N/A       3%          3
Your spell library was empty.

Inventory:

Hand Weapons
 a - a +5 scimitar (weapon)
   (You took it off a wight on level 7 of the Dungeon)
 b - a +0 arbalest
   (You found it on level 6 of the Dungeon)
 c - a +2 short sword of speed
   (You found it on level 1 of the Dungeon)
 H - a +3 short sword of freezing
   (You took it off a wight on level 7 of the Dungeon)
Missiles
 o - 22 poisoned darts (quivered)
 u - 7 boomerangs
 F - 2 throwing nets
Armour
 t - a +0 helmet (worn)
   (You took it off Robin on level 3 of the Dungeon)
 y - a +0 troll leather armour (worn)
   (You found it on level 5 of the Dungeon)
Jewellery
 i - an amulet of regeneration (around neck)
   (You found it on level 1 of the Dungeon)
Wands
 s - a wand of mindburst (4)
   (You took it off Ijyb on level 3 of the Dungeon)
 z - a wand of digging (5)
   (You found it on level 5 of the Dungeon)
 A - a wand of flame (22)
   (You found it on level 5 of the Dungeon)
Scrolls
 e - 3 scrolls of enchant weapon
 f - a scroll of summoning
 g - a scroll of noise
 h - a scroll of magic mapping
 j - a scroll of fog
 m - 9 scrolls of teleportation
 p - a scroll of brand weapon
 q - a scroll of silence
 x - 2 scrolls of vulnerability
 D - a scroll of poison
 E - a scroll of amnesia {unknown}
 G - a scroll of immolation {unknown}
Potions
 d - 2 potions of flight {unknown}
 k - 2 potions of brilliance
 l - a potion of lignification {unknown}
 n - a potion of invisibility
 r - a potion of haste {unknown}
 v - 2 potions of might {unknown}
 w - 3 potions of heal wounds {unknown}
 B - a potion of curing {unknown}
 C - a potion of degeneration {unknown}
 I - a potion of magic {unknown}

Dungeon Overview and Level Annotations

Branches:
Dungeon (9/15)             Temple (1/1) D:4            Lair (0/5) D:9
    Orc (0/2) D:9

Altars:
Ashenzari
Cheibriados
Dithmenos
Elyvilon
Gozag
Hepliaklqana
Makhleb
Nemelex Xobeh
Okawaru
Qazlal
Ru
Trog
Uskayaw
Wu Jian
Xom
Yredelemnul
Zin
The Shining One

Annotations:
D:3 1 runed translucent door, Crazy Yiuf

#..........########
########..######..#
..........# #..#
..........# #..#
########..# #..#
#..# #..# #..# #..#
#..# #.@# #o{#
#..)..o...
#.........
#..#####.o #..#
#..# #..# #..#


You could see an orc priest.


Message History

a +1 halberd; a +0 robe
Casting: Stone Arrow (dangerous; 4% risk of failure)
Confirm with . or Enter, or press ? or * to list all spells.
Aiming: Stone Arrow (dangerous; 4% risk of failure)
Press: ? - help, Shift-Dir - straight line, f/p - wight
Aim: a wight, wielding a +0 long sword and wearing a +0 robe (moderately damaged, 71% to hit)
The stone arrow hits the wight.
The wight is severely damaged.
Casting: Stone Arrow (dangerous; 4% risk of failure)
Confirm with . or Enter, or press ? or * to list all spells.
Aiming: Stone Arrow (dangerous; 4% risk of failure)
Press: ? - help, Shift-Dir - straight line, f/p - wight
Aim: a wight, wielding a +0 long sword and wearing a +0 robe (severely damaged, 71% to hit)
The stone arrow hits the wight!
You destroy the wight!
Makhleb accepts your kill.
Casting: Stone Arrow (dangerous; 4% risk of failure)
Confirm with . or Enter, or press ? or * to list all spells.
Aiming: Stone Arrow (dangerous; 4% risk of failure)
Press: ? - help, Shift-Dir - straight line, f - wight
Aim: a wight, wielding a +0 trident and wearing a +0 robe (71% to hit)
The stone arrow hits the wight.
The wight is moderately damaged.
Casting: Stone Arrow (dangerous; 4% risk of failure)
Confirm with . or Enter, or press ? or * to list all spells.
Aiming: Stone Arrow (dangerous; 4% risk of failure)
Press: ? - help, Shift-Dir - straight line, f/p - wight
Aim: a wight, wielding a +0 trident and wearing a +0 robe (moderately damaged, 71% to hit)
The stone arrow hits the wight!
You destroy the wight!
Makhleb accepts your kill.
You feel better.
You start resting.
HP restored.
Items here: ))) [[[.
Items here: ))) [[[.
Okay, then.
There is an open door here.
Found a stone staircase leading up.
G - a scroll labelled YTUESOPS BAERA You now have 357 gold pieces (gained 18).
Casting: Stone Arrow (dangerous; 4% risk of failure)
Confirm with . or Enter, or press ? or * to list all spells.
Aiming: Stone Arrow (dangerous; 4% risk of failure)
Press: ? - help, Shift-Dir - straight line, f - wight
Aim: a wight, wielding a +3 short sword of freezing and wearing a +0 robe (wandering, hasn't noticed you, 71% to hit)
The stone arrow misses the wight.
You hit the wight.
The wight is lightly damaged.
The wight closely misses you.
You closely miss the wight.
The wight is lightly damaged.
The wight hits you but does no damage.
You slash the wight!
You destroy the wight!
Makhleb accepts your kill.
No target in view!
Things that are here:
a +3 short sword of freezing; a +0 robe
H - a +3 short sword of freezing
There is an open door here.
There is an open door here.
There is an open door here.
There is an open door here.
Things that are here:
a +0 whip; a +0 flail; a +0 whip
Things that are here:
a +0 halberd; 8 stones
Things that are here:
a +0 dagger; a +0 robe Partly explored, can't reach some places.
Really fly into a travel-excluded area?
You are engulfed in blazing flames.
You resist.
You are engulfed in blazing flames.
You resist.
You are engulfed in blazing flames.
You resist.
You are engulfed in blazing flames.
You resist.
You are engulfed in blazing flames.
You resist.
You are engulfed in blazing flames.
You resist.
You start resting.
HP restored.
Really fly into a travel-excluded area?
You are engulfed in blazing flames.
You resist.
You are engulfed in blazing flames.
You resist.
You are engulfed in blazing flames.
You resist.
Done exploring.
Things that are here:
a +0 dagger; a +0 robe
There is a stone staircase leading down, spattered with blood here.
You see here a +0 whip.
Search for what [Enter for "shield", or ? for help]? d: Unknown command.
Unknown command.
Okay, then.
You drop a +0 falchion.
There is a stone staircase leading down, spattered with blood here.
You see here a +0 whip.
You fly downwards.
The bullfrog croaks.
Found a hand axe and 19 gold pieces.
There is a stone staircase leading up here.
The bullfrog closely misses you.
You slice the bullfrog!!
The bullfrog is severely wounded.
The bullfrog hits you.
You closely miss the bullfrog.
The bullfrog is severely wounded.
The bullfrog hits you but does no damage.
The bullfrog hits you.
You hit the bullfrog.
You kill the bullfrog!
Makhleb accepts your kill.
HP restored.
You see here a bullfrog corpse.
You now have 376 gold pieces (gained 19).
You see here a bullfrog corpse.
There is a stone staircase leading up here.
You see here a +0 hand axe.
You now have 392 gold pieces (gained 16).
You now have 398 gold pieces (gained 6).
Found a stone staircase leading down.
An orc wizard comes into view. It is wielding a +0 dagger.
Found a robe.
The orc wizard shouts!
You hear a shout!
The orc wizard closely misses you.
You hit the orc wizard.
The orc wizard is lightly wounded.
The orc wizard closely misses you.
You hit the orc wizard.
The orc wizard is heavily wounded.
An orc priest comes into view. It is wielding a +0 dagger.
The orc wizard barely misses you.
The orc priest shouts!
You hit the orc wizard.
The orc wizard is severely wounded.
The orc wizard barely misses you.
You closely miss the orc wizard.
The orc wizard is severely wounded.
The orc wizard misses you.
You miss the orc wizard.
The orc wizard is severely wounded.
A two-headed ogre comes into view.
It is wielding two +0 giant spiked clubs.
The orc wizard hits you but does no damage.
The two-headed ogre shouts in stereo!
You slash the orc wizard!
You kill the orc wizard!
Makhleb accepts your kill.
The orc priest mumbles some strange prayers to Beogh against you.
You resist with significant effort.
An orc comes into view. It is wielding a +0 dagger.
Casting: Stone Arrow (dangerous; 4% risk of failure)
Confirm with . or Enter, or press ? or * to list all spells.
Aiming: Stone Arrow (dangerous; 4% risk of failure)
Press: ? - help, Shift-Dir - straight line, f - orc priest
Aim: an orc priest, wielding a +0 dagger (71% to hit)
The stone arrow hits the orc priest!!
You kill the orc priest!
Makhleb accepts your kill.
You feel better.
Unknown command.
Unknown command.
Casting: Stone Arrow (dangerous; 4% risk of failure)
Confirm with . or Enter, or press ? or * to list all spells.
Aiming: Teleport Other (dangerous; 4% risk of failure)
Press: ? - help, Shift-Dir - straight line, f - two-headed ogre
Aim: a two-headed ogre, wielding two +0 giant spiked clubs (chance to affect: 49%)
Okay, then.
Unknown command.
Unknown command.
Press: ? - help, v - describe, . - travel
Here: a two-headed ogre, wielding two +0 giant spiked clubs The floor.
Casting: Teleport Other (dangerous; 4% risk of failure)
Confirm with . or Enter, or press ? or * to list all spells.
Aiming: Stone Arrow (dangerous; 4% risk of failure)
Press: ? - help, Shift-Dir - straight line, f - two-headed ogre
Aim: a two-headed ogre, wielding two +0 giant spiked clubs (86% to hit)
The stone arrow misses the two-headed ogre.
The stone arrow hits the orc!
You kill the orc!
Makhleb accepts your kill.
You feel better.
Casting: Stone Arrow (dangerous; 4% risk of failure)
Confirm with . or Enter, or press ? or * to list all spells.
Aiming: Stone Arrow (dangerous; 4% risk of failure)
Press: ? - help, Shift-Dir - straight line, f/p - two-headed ogre
Aim: a two-headed ogre, wielding two +0 giant spiked clubs (86% to hit)
The stone arrow hits the two-headed ogre!!
The two-headed ogre is moderately wounded.
Unknown command.
Casting: Stone Arrow (dangerous; 4% risk of failure)
Confirm with . or Enter, or press ? or * to list all spells.
Aiming: Stone Arrow (dangerous; 4% risk of failure)
Press: ? - help, Shift-Dir - straight line, f/p - two-headed ogre
Aim: a two-headed ogre, wielding two +0 giant spiked clubs (moderately wounded, 86% to hit)
The stone arrow hits the two-headed ogre!
The two-headed ogre is severely wounded.
The two-headed ogre hits you with a +0 giant spiked club!! x2
Casting: Stone Arrow (dangerous; 4% risk of failure)
Confirm with . or Enter, or press ? or * to list all spells.
Aiming: Stone Arrow (dangerous; 4% risk of failure)
Press: ? - help, Shift-Dir - straight line, f/p - two-headed ogre
Aim: a two-headed ogre, wielding two +0 giant spiked clubs (heavily wounded, 86% to hit)
You miscast Stone Arrow.
You are very lightly contaminated with residual magic.
Nothing appears to happen.
The two-headed ogre misses you.
The two-headed ogre hits you with a +0 giant spiked club!
* * * LOW HITPOINT WARNING * * *
Casting: Stone Arrow (dangerous; 4% risk of failure)
Confirm with . or Enter, or press ? or * to list all spells.
Aiming: Stone Arrow (dangerous; 4% risk of failure)
Press: ? - help, Shift-Dir - straight line, f/p - two-headed ogre
Aim: a two-headed ogre, wielding two +0 giant spiked clubs (heavily wounded, 86% to hit)
The stone arrow hits the two-headed ogre!!
You kill the two-headed ogre!
Makhleb accepts your kill.
* * * LOW HITPOINT WARNING * * *
Your Fighting skill increases to level 7!
Your Dodging skill increases to level 3!
Your Spellcasting skill increases to level 6!
You start resting.
Your magical contamination has completely faded away.
You start resting.
HP restored.
Items here: ))) [ ††.
Things that are here:
a +0 dagger; an orc corpse
Things that are here:
a +0 dagger; a +0 ring mail You see here a +0 robe.
You now have 418 gold pieces (gained 20).
Found a stone staircase leading down.
You see here the +10 flail of Ascent {drain, Str+3}.
Found a robe.
Found a stone staircase leading up.
An orc comes into view. It is wielding a +0 hand axe.
An orc comes into view.
It is wielding a +0 club and wearing a +0 scale mail of poison resistance.
The helpless orc fails to defend itself.
You slash the orc!
You kill the orc!
Makhleb accepts your kill.
The orc shouts!
An orc comes into view. It is wielding a +0 hand axe.
An orc wizard comes into view. It is wielding a +1 dagger of venom.
The orc barely misses you.
You barely miss the orc.
The orc shouts!
The orc wizard shouts!
The orc barely misses you.
The orc wizard gestures wildly while chanting.
The orc wizard flickers and vanishes!
Deactivating autopickup; reactivate with Ctrl-A.
You completely miss the orc. The orc hits you but does no damage.
You slash the orc!
You kill the orc!
Makhleb accepts your kill.
You hit something. Something hits you.
You miss something. Something hits you.
You hit something but do no damage. Something hits you.
You barely miss something.
You hear some strange, mumbled words.
A magic dart appears from out of thin air!
The magic dart hits you.
You miss something. Something hits you but does no damage.
You barely miss something. Something hits you but does no damage.
You hit something.
You hear some strange, mumbled words.
A magic dart appears from out of thin air!
The magic dart hits you.
You hit something. Makhleb accepts your kill.
You feel better.
Reactivating autopickup.
You feel a bit more experienced.
You slash the orc!
The orc is almost dead.
The orc hits you but does no damage.
You hit the orc but do no damage. You punch the orc, but do no damage.
The orc is almost dead.
The orc hits you but does no damage.
You barely miss the orc.
The orc is almost dead.
The orc closely misses you.
You hit the orc.
You kill the orc!
Makhleb accepts your kill.
Items here: ))) [[ ††.
Okay, then.
Items here: ))) [[ ††.
Items here: ))) [[ ††.
Things that are here:
a +0 hand axe; a +0 chain mail A wight comes into view.
It is wielding a +0 trident. 2 wights come into view.
Found a scroll labelled UMIMOCZEQE.
Casting: Stone Arrow (dangerous; 3% risk of failure)
Confirm with . or Enter, or press ? or * to list all spells.
Aiming: Stone Arrow (dangerous; 3% risk of failure)
Press: ? - help, Shift-Dir - straight line, f - wight
Aim: a wight, wielding a +3 flail and wearing a +0 robe (71% to hit)
The stone arrow hits the wight!
The wight is severely damaged.
Unknown command.
Casting: Stone Arrow (dangerous; 3% risk of failure)
Confirm with . or Enter, or press ? or * to list all spells.
Aiming: Stone Arrow (dangerous; 3% risk of failure)
Press: ? - help, Shift-Dir - straight line, f/p - wight
Aim: a wight, wielding a +3 flail and wearing a +0 robe (severely damaged, 71% to hit)
The stone arrow misses the wight.
The stone arrow hits the wight!
The wight is severely damaged.
Unknown command.
Casting: Stone Arrow (dangerous; 3% risk of failure)
Confirm with . or Enter, or press ? or * to list all spells.
Aiming: Stone Arrow (dangerous; 3% risk of failure)
Press: ? - help, Shift-Dir - straight line, f/p - wight
Aim: a wight, wielding a +3 flail and wearing a +0 robe (severely damaged, 71% to hit)
The stone arrow hits the wight!
You destroy the wight!
Makhleb accepts your kill.
You feel better.
The wight hits you from afar with a +0 trident!
Casting: Stone Arrow (dangerous; 3% risk of failure)
Confirm with . or Enter, or press ? or * to list all spells.
Aiming: Stone Arrow (dangerous; 3% risk of failure)
Press: ? - help, Shift-Dir - straight line, f - wight
Aim: a wight, wielding a +0 trident and wearing a +0 robe (severely damaged, 71% to hit)
The stone arrow hits the wight!
You destroy the wight!
Makhleb accepts your kill.
You feel better.
You start resting.
HP restored.
Things that are here:
a +3 flail; a +0 robe
Things that are here:
a +0 trident; a +0 robe Unknown command.
Unknown command.
Unknown command.
Things that are here:
a +0 trident; a +0 robe
Things that are here:
a +3 flail; a +0 robe Unknown command.
Things that are here:
a +3 flail; a +0 robe
Things that are here:
a +0 trident; a +0 robe
Things that are here:
a +0 trident; a +0 robe
Things that are here:
a +3 flail; a +0 robe
Casting: Stone Arrow (dangerous; 3% risk of failure)
Confirm with . or Enter, or press ? or * to list all spells.
Aiming: Stone Arrow (dangerous; 3% risk of failure)
Press: ? - help, Shift-Dir - straight line, f - wight
Aim: a wight, wielding a +0 great sword and wearing a +0 robe (71% to hit)
The stone arrow hits the wight!!
You destroy the wight!
Makhleb accepts your kill.
You feel better.
Things that are here:
a +3 flail; a +0 robe
Items here: )) [[.
f - a scroll labelled UMIMOCZEQE
Items here: )) [[.
Okay, then.
Unknown command.
x - 2 scrolls of vulnerability (gained 1)
Found a stone staircase leading up.
Found a stone staircase leading down.
An orc comes into view. It is wielding a +0 dagger.
An orc comes into view. It is wielding a +0 short sword.
The orc shouts! x2; You hear a shout! x2
An orc comes into view. It is wielding a +0 short sword.
An orc comes into view. It is wielding a +0 mace.
An orc comes into view. It is wielding a +0 hand axe.
You slice the orc!!
You kill the orc!
Makhleb accepts your kill.
You hit the orc.
You kill the orc!
Makhleb accepts your kill.
Things that are here:
a +0 short sword; a +0 dagger You slice the orc!!
You kill the orc!
Makhleb accepts your kill.
You slice the orc!!
You kill the orc!
Makhleb accepts your kill.
Found a robe.
The orc hits you but does no damage.
Items here: )) [ ††.
You slash the orc!
You kill the orc!
Makhleb accepts your kill.
No target in view!
Things that are here:
a +0 short sword; a +0 ring mail; an orc corpse A kobold comes into view.
It is wielding a +0 club.
The kobold moves out of view.
A kobold comes into view. It is wielding a +0 whip.
The kobold moves out of view.
A kobold brigand comes into view.
It is wielding a +0 dagger and quivering poisoned darts.
Unknown command.
Save game and exit? [Y]es or [N]o only, please.
Save game and exit? [Y]es or [N]o only, please.
Save game and exit?
Okay, then.
Unknown command.
The kobold shouts!
You hear a shout! x2
You barely miss the kobold. The kobold misses you.
You hit the kobold.
You kill the kobold!
Makhleb accepts your kill.
You slash the kobold!
You kill the kobold!
Makhleb accepts your kill.
A kobold comes into view. It is wielding a +0 dagger.
Things that are here:
a +0 club; a +0 whip You miss the kobold brigand.
The kobold brigand hits you with a +0 dagger.
You barely miss the kobold brigand. The kobold brigand barely misses you.
You closely miss the kobold brigand.
The kobold shouts!
The kobold brigand hits you with a +0 dagger.
You barely miss the kobold brigand.
A kobold comes into view. It is wielding a +0 whip.
The kobold brigand hits you with a +0 dagger.
You slash the kobold brigand!
The kobold brigand is moderately wounded.
The kobold brigand hits you but does no damage.
You closely miss the kobold brigand.
The kobold brigand is moderately wounded.
The kobold brigand closely misses you.
You hit the kobold brigand.
The kobold brigand is moderately wounded.
The kobold brigand hits you with a +0 dagger.
You hit the kobold brigand.
The kobold brigand is heavily wounded.
The kobold brigand hits you with a +0 dagger.
You closely miss the kobold brigand.
The kobold brigand is heavily wounded.
The kobold brigand hits you with a +0 dagger.
You miss the kobold brigand.
The kobold brigand is heavily wounded.
The kobold brigand closely misses you.
You hit the kobold brigand.
The kobold brigand is heavily wounded.
The kobold brigand hits you but does no damage.
You slash the kobold brigand!
The kobold brigand is almost dead.
The kobold brigand hits you but does no damage.
You hit the kobold brigand.
You kill the kobold brigand!
Makhleb accepts your kill.
You feel better.
The kobold throws a stone.
The stone barely misses you.
Your Long Blades skill increases to level 9!
You hit the kobold but do no damage. The kobold hits you with a +0 whip.
You barely miss the kobold. You miss the kobold. The kobold closely misses you.
You slash the kobold!
You kill the kobold!
Makhleb accepts your kill.
You miss the kobold. The kobold closely misses you.
You closely miss the kobold. The kobold hits you but does no damage.
You barely miss the kobold. The kobold hits you but does no damage.
You hit the kobold.
You kill the kobold!
Makhleb accepts your kill.
You swing at nothing.
You swing at nothing.
o - 11 poisoned darts (gained 7)
Items here: ( ))) †.
Things that are here:
a +0 club; a +0 whip
Items here: ( ))) †.
Save game and exit?
Okay, then.
Unknown command.
Okay, then.
Things that are here:
a +0 club; a +0 whip
Okay, then.
Save game and exit?
Welcome back, scionoferis the Djinni Warper.
Blood and souls for Makhleb!
Press ? for a list of commands and other information.
Unknown command.
Save game and exit?
Welcome back, scionoferis the Djinni Warper.
Blood and souls for Makhleb!
Press ? for a list of commands and other information.
Items here: ( ))) †.
A kobold comes into view. It is wielding a +0 dagger.
A kobold comes into view.
It is wielding a +0 short sword and quivering poisoned darts.
The kobold shouts! x2
The kobold throws a poisoned dart.
The poisoned dart closely misses you.
You hit the kobold.
The kobold is moderately wounded.
The kobold closely misses you.
You slash the kobold!
You kill the kobold!
Makhleb accepts your kill. The kobold closely misses you.
You hit the kobold.
The kobold is severely wounded.
The kobold hits you but does no damage.
You hit the kobold.
You kill the kobold!
Makhleb accepts your kill.
o - 13 poisoned darts (gained 2)
You see here a +0 short sword.
You see here a +0 dagger.
You see here a +0 short sword.
There is a stone staircase leading down here. 3 orcs come into view.
Found 25 gold pieces.
You hit the orc.
The orc is severely wounded.
The orc hits you but does no damage.
You slash the orc!
You kill the orc!
Makhleb accepts your kill. The orc misses you.
You slash the orc!
You kill the orc!
Makhleb accepts your kill.
The orc shouts!
You hear a shout!
An orc comes into view. It is wielding a +0 war axe.
Items here: )) [ †.
Items here: )) [ †.
Items here: )) [ †.
Okay, then.
The orc shouts!
You closely miss the orc. The orc misses you.
You slash the orc!
You kill the orc!
Makhleb accepts your kill.
You hit the orc.
The orc is lightly wounded.
The orc hits you with a +0 war axe.
An orc wizard comes into view. It is wielding a +0 dagger.
The orc wizard shouts!
You slash the orc!
You kill the orc!
Makhleb accepts your kill.
Items here: $ )) [ †.
The orc wizard casts a spell.
The orc wizard flickers and vanishes!
Deactivating autopickup; reactivate with Ctrl-A.
You closely miss something. Something hits you but does no damage.
You barely miss something. Something hits you but does no damage.
You barely miss something.
You hear some strange, mumbled words.
A puff of flame appears from out of thin air!
The puff of flame hits you but does no damage.
You resist.
You hit something. Something hits you.
You slash something! Makhleb accepts your kill.
You feel better.
Reactivating autopickup.
You feel a bit more experienced.
Things that are here:
a +0 dagger; a +0 robe You now have 443 gold pieces (gained 25).
Items here: )) [ †.
Okay, then.
Things that are here:
a +0 dagger; a +0 robe Done exploring.
Done exploring.
Search for what [? for help]? armour Search for what [Enter for "armour", or ? for help]?
Done exploring.
There is a stone staircase leading down here.
Unknown command.
You fly downwards.
The kobold brigand shouts!
The kobold shouts! x3; You hear a shout!
Found a scroll of identify and a leather armour.
Found a stone staircase leading down.
There is a stone staircase leading up here.
The kobold hits you but does no damage.
The kobold brigand completely misses you.
You fly upwards.
There is a stone staircase leading down here.
You slash the kobold brigand!
The kobold brigand is moderately wounded.
You slash the kobold brigand!
The kobold brigand is almost dead.
The kobold brigand barely misses you. The kobold misses you.
You hit the kobold brigand.
The kobold brigand is almost dead.
The kobold brigand closely misses you. The kobold barely misses you.
You hit the kobold brigand.
You kill the kobold brigand!
Makhleb accepts your kill. The kobold hits you with a +0 whip.
You slash the kobold!
You kill the kobold!
Makhleb accepts your kill.
You can now hurl Makhleb's greater destruction.
You feel better.
No target in view!
No target in view!
o - 18 poisoned darts (gained 5)
Things that are here:
a +0 club; a kobold corpse Done exploring.
There is a stone staircase leading down here.
You fly downwards.
A killer bee comes into view.
The kobold closely misses you.
There is a stone staircase leading up here.
The kobold misses you. The kobold hits you but does no damage.
You fly upwards.
There is a stone staircase leading down here.
You slash the kobold!
You kill the kobold!
Makhleb accepts your kill.
The kobold hits you with a +0 short sword of draining.
You slash the kobold!
You kill the kobold!
Makhleb accepts your kill.
You feel better.
No target in view!
No target in view!
Items here: ( )) ††.
There is a stone staircase leading down here.
Items here: )) ††.
Okay, then.
There is a stone staircase leading down here.
You fly downwards.
The killer bee stings you. x3
There is a stone staircase leading up here.
The killer bee stings you.
The killer bee stings you but does no damage.
You fly upwards.
There is a stone staircase leading down here.
You hit the killer bee.
The killer bee is moderately wounded.
The killer bee barely misses you.
You miss the killer bee.
The killer bee is moderately wounded.
The killer bee closely misses you. The killer bee stings you.
You miss the killer bee.
The killer bee is moderately wounded.
The killer bee closely misses you. The killer bee stings you!
You slash the killer bee!
You kill the killer bee!
Makhleb accepts your kill.
No target in view!
No target in view!
You start resting.
HP restored.
You fly downwards.
There is a stone staircase leading up here.
I - a scroll of identify
There are no items here.
The orc priest looks braver for a moment.
The orc priest looks braver for a moment.
There is a stone staircase leading up here.
The orc priest begins to cast a cantrip, but forgets the words!
You hit the orc priest.
The orc priest is heavily wounded.
The orc priest misses you.
You slash the orc priest!
You kill the orc priest!
Makhleb accepts your kill.
You see here a +0 club.
As you read the scroll of identify, it crumbles to dust.
f - a scroll of summoning An orc and a killer bee come into view.
A killer bee comes into view.
The orc moves out of view.
You closely miss the killer bee. The killer bee stings you.
The killer bee completely misses you.
You miss the killer bee. The killer bee barely misses you.
The killer bee misses you.
The killer bee buzzes angrily.
You closely miss the killer bee.
The killer bee buzzes angrily.
The killer bee stings you but does no damage.
The killer bee closely misses you. x2; The killer bee misses you.
The killer bee stings you!
Unknown command.
Cast which spell? (? or * to list)
You blink.
The orc shouts!
You miss the killer bee.
The killer bee stings you but does no damage.
The killer bee stings you. x2
You closely miss the killer bee. The killer bee closely misses you.
The killer bee misses you. The killer bee barely misses you.
You miss the killer bee.
You feel stable enough to blink again. The killer bee stings you!
The killer bee stings you. x4
You closely miss the killer bee. The killer bee stings you. x2
The killer bee closely misses you. The killer bee stings you.
The killer bee stings you but does no damage.
The killer bee stings you!
You miss the killer bee. The killer bee barely misses you.
The killer bee closely misses you. The killer bee stings you.
* * * LOW HITPOINT WARNING * * *
Unknown command.
Casting: Blink (safe; 1% risk of failure)
Confirm with . or Enter, or press ? or * to list all spells.
You blink.
* * * LOW HITPOINT WARNING * * *
The orc barely misses you.
Unknown command.
Unknown command.
Casting: Blink (safe; 1% risk of failure)
Confirm with . or Enter, or press ? or * to list all spells.
The orc is struck by an arc of lightning.
The orc is heavily wounded.
The killer bee is struck by an arc of lightning.
The killer bee is lightly wounded.
The lightning grounds out.
The killer bee is struck by an arc of lightning.
The killer bee is moderately wounded.
The killer bee is struck by an arc of lightning.
The killer bee is lightly wounded.
The killer bee is struck by an arc of lightning.
The killer bee is heavily wounded.
The lightning grounds out.
* * * LOW HITPOINT WARNING * * *
The killer bee barely misses you. The orc hits you but does no damage.
The killer bee closely misses you.
Unknown command.
Unknown command.
Unknown command.
Unknown command.
You fade into invisibility!
The killer bee closely misses you. The killer bee barely misses you.
The killer bee stings you!
* * * LOW HITPOINT WARNING * * *
The orc misses you.
The killer bee stings you but does no damage.
The killer bee stings you.
* * * LOW HITPOINT WARNING * * *
You miss the killer bee.
The killer bee is heavily wounded.
You feel stable enough to blink again. The killer bee stings you.
* * * LOW HITPOINT WARNING * * *
The killer bee stings you.
* * * LOW HITPOINT WARNING * * *
The killer bee stings you!
* * * LOW HITPOINT WARNING * * *
The orc hits you with a +0 club.
* * * LOW HITPOINT WARNING * * *
The killer bee barely misses you. x2; The killer bee closely misses you.
The killer bee barely misses you. The killer bee closely misses you.
The killer bee barely misses you. x2
The killer bee closely misses you.
Found an escape hatch in the ceiling.
You closely miss the killer bee.
The killer bee is lightly wounded.
The killer bee closely misses you. The killer bee stings you!
* * * LOW HITPOINT WARNING * * *
The killer bee stings you.
* * * LOW HITPOINT WARNING * * *
The killer bee barely misses you. The killer bee barely misses you.
The killer bee buzzes angrily.
The killer bee barely misses you. The killer bee completely misses you.
The killer bee stings you.
* * * LOW HITPOINT WARNING * * *
There is a stone staircase leading up here.
The killer bee completely misses you. The killer bee barely misses you.
You fly upwards.
There is a stone staircase leading down here.
You slash the killer bee!
You kill the killer bee!
Makhleb accepts your kill.
You feel better.
Items here: )) ††.
Things that are here:
a +0 dagger; a +0 short sword
Items here: )) [ ÷÷.
Things that are here:
a +0 ring mail; a +0 short sword; an orc skeleton You flicker for a moment.
HP restored.
You flicker back into view.
There is a stone staircase leading down here.
You fly downwards.
There is a stone staircase leading up here.
Found a leather armour.
Found 4 large rocks.
Found a leather armour.
You see here a +0 leather armour.
I - a sedimented white potion
Found a staircase to the Orcish Mines.
w - 3 glowing inky potions (gained 1)
Found a dagger.
The orc shouts!
An orc wizard comes into view.
It is wielding a +2 falchion of holy wrath.
You start waiting.
An orc is nearby!
You slash the orc!
You kill the orc!
Makhleb accepts your kill.
Things that are here:
a +0 club; a +0 chain mail The orc wizard shouts!
The orc wizard gestures at you while chanting.
The magic dart hits you.
The orc wizard hits you with a +2 falchion of holy wrath.
You barely miss the orc wizard.
The orc wizard points at you and mumbles some strange words.
The magic dart hits you.
You closely miss the orc wizard. The orc wizard barely misses you.
You hit the orc wizard.
The orc wizard is lightly wounded.
The orc wizard barely misses you.
You closely miss the orc wizard.
The orc wizard is lightly wounded.
The orc wizard hits you with a +2 falchion of holy wrath.
You slash the orc wizard!
You kill the orc wizard!
Makhleb accepts your kill.
You feel better.
Things that are here:
a +2 falchion of holy wrath; a +0 robe; an orc corpse
J - a +2 falchion of holy wrath You drop a +2 falchion of holy wrath.
You see here a +0 dagger.
A killer bee is nearby!
Throw: 18 darts (poison)
Press: ? - help, Q - select action, (/) - cycle Shift-Dir - straight line, f - killer bee
Aim: a killer bee (wandering, hasn't noticed you, 34% to hit)
You throw a poisoned dart.
The poisoned dart barely misses the killer bee.
Unknown command.
You start waiting.
A killer bee is nearby!
Throw: 17 darts (poison)
Press: ? - help, Q - select action, (/) - cycle Shift-Dir - straight line, f/p - killer bee
Aim: a killer bee (34% to hit)
You throw a poisoned dart.
The poisoned dart closely misses the killer bee.
Unknown command.
You barely miss the killer bee. The killer bee stings you.
The killer bee closely misses you.
You hit the killer bee.
The killer bee is moderately wounded.
The killer bee stings you. x2
You hit the killer bee.
The killer bee is heavily wounded.
The killer bee misses you. The killer bee closely misses you.
You slash the killer bee!
You kill the killer bee!
Makhleb accepts your kill.
You feel better.
You start resting.
HP restored.
Throw: 16 darts (poison)
Press: ? - help, Q - select action, (/) - cycle Shift-Dir - straight line, f - killer bee
Aim: a killer bee (wandering, hasn't noticed you, 34% to hit)
You throw a poisoned dart.
The poisoned dart misses the killer bee.
The killer bee buzzes angrily.
You barely miss the killer bee.
The killer bee stings you but does no damage.
The killer bee stings you.
The killer bee buzzes angrily.
You hit the killer bee.
The killer bee is moderately wounded.
The killer bee barely misses you.
You closely miss the killer bee. The killer bee barely misses you.
The killer bee completely misses you.
You slash the killer bee!
The killer bee is heavily wounded.
The killer bee barely misses you.
The killer bee stings you but does no damage.
The killer bee stings you.
The killer bee stings you but does no damage.
You barely miss the killer bee.
The killer bee is heavily wounded.
The killer bee stings you!
The killer bee stings you but does no damage.
The killer bee barely misses you. The killer bee misses you.
You slash the killer bee!
The killer bee is almost dead.
The killer bee barely misses you. The killer bee closely misses you.
You barely miss the killer bee.
The killer bee is almost dead.
The killer bee stings you but does no damage.
The killer bee barely misses you. x3
You slash the killer bee!
You kill the killer bee!
Makhleb accepts your kill.
You feel better. The killer bee barely misses you.
The killer bee stings you but does no damage.
You closely miss the killer bee.
The killer bee is moderately wounded.
The killer bee stings you. x2
You slash the killer bee!
The killer bee is almost dead.
The killer bee stings you.
The killer bee stings you but does no damage.
You slash the killer bee!
You kill the killer bee!
Makhleb accepts your kill.
You feel better.
You start resting.
HP restored.
You see here a killer bee corpse.
o - 16 poisoned darts (gained 1)
o - 17 poisoned darts (gained 1)
Found a staircase to the Lair.
o - 22 poisoned darts (gained 5)
An orc wizard and an orc come into view.
The orc wizard shouts!
You start waiting.
An orc wizard is nearby!
An orc warrior and a shadow come into view.
The orc warrior is wielding a +2 antimagic hand axe.
The orc warrior moves out of view.
You hit the orc wizard.
The orc wizard is heavily wounded.
You closely miss the orc wizard.
The orc wizard is heavily wounded.
The orc wizard hits you but does no damage.
You barely miss the orc wizard.
The orc wizard is heavily wounded.
The orc wizard hits you but does no damage.
You barely miss the orc wizard.
The orc wizard is heavily wounded.
The orc wizard misses you.
You hit the orc wizard. Your punch misses the orc wizard.
The orc wizard is heavily wounded.
The orc wizard hits you but does no damage.
An orc priest comes into view. It is wielding a +0 war axe.
The orc priest shouts!
You slash the orc wizard!
You kill the orc wizard!
Makhleb accepts your kill.
You hear a shout! x2
You barely miss the shadow.
The shadow slips into darkness.
The shadow flickers and vanishes!
Deactivating autopickup; reactivate with Ctrl-A.
An orc comes into view. It is wielding a +0 hand axe.
You slash something!
The shadow strikes at you from the darkness!
Reactivating autopickup.
You barely miss the shadow.
The shadow is moderately damaged.
The shadow hits you!
You slash the shadow!
The shadow is severely damaged.
The shadow barely misses you.
You hit the shadow.
The shadow is almost destroyed.
The shadow slips into darkness.
The shadow flickers and vanishes!
Deactivating autopickup; reactivate with Ctrl-A.
You barely miss something.
The shadow strikes at you from the darkness!
Reactivating autopickup.
The orc priest calls down the wrath of Beogh upon you.
Beogh smites you!
* * * LOW HITPOINT WARNING * * *
You hear a shout!
You hit the orc priest.
The orc priest is moderately wounded.
The shadow hits you.
The orc priest invokes the aid of Beogh against you.
Beogh smites you!
* * * LOW HITPOINT WARNING * * *
You barely miss the orc priest.
The orc priest is moderately wounded.
The shadow hits you.
* * * LOW HITPOINT WARNING * * *
The orc priest hits you with a +0 war axe.
* * * LOW HITPOINT WARNING * * *
Unknown command.
You hit the shadow but do no damage.
The shadow is almost destroyed.
The shadow slips into darkness.
The shadow flickers and vanishes!
Deactivating autopickup; reactivate with Ctrl-A.
The orc priest hits you with a +0 war axe.
* * * LOW HITPOINT WARNING * * *
Unknown command.
Press: ? - help, v - describe, . - travel The floor.
Unknown command.
Okay, then.
Unknown command.
Aiming: Mindburst
Press: ? - help, Shift-Dir - straight line Nothing appears to happen.
The shadow strikes at you from the darkness!
You die...

Skill      XL: |  1  2  3  4  5  6  7  8  9 10 |
---------------+-------------------------------+-----
Long Blades    | 2 3 4 5 6 8 9 |  9.0
Stealth        | 1 2 3 4 |  4.0
Spellcasting   | 3 4 5 6 |  6.4
Fighting       | 3 4 5 6 7 |  7.4
Dodging        | 3 |  3.7
Throwing       | |  0.7
Armour         | |  1.0

Action                     |  1- 3 |  4- 6 |  7- 9 | 10-12 || total
---------------------------+-------+-------+-------+-------++-------
  Melee: Falchion          |    29 |       |       |       ||    29
         Short sword       |    59 |   212 |   409 |       ||   680
         Punch             |     1 |     4 |     5 |     1 ||    11
         Scimitar          |       |       |       |   204 ||   204
   Fire: Arbalest          |       |       |     5 |       ||     5
  Throw: Dart              |     1 |    11 |     5 |     3 ||    20
         Boomerang         |       |     1 |    10 |       ||    11
   Cast: Static Discharge  |       |       |     7 |     1 ||     8
         Stone Arrow       |       |       |    43 |    19 ||    62
         Blink             |       |       |       |     2 ||     2
  Evoke: Wand              |       |     4 |    30 |     1 ||    35
    Use: Scroll            |       |       |     7 |     4 ||    11
         Potion            |       |       |     1 |     1 ||     2
   Stab: Sleeping          |     1 |     1 |     4 |     1 ||     7
 Armour: Leather armour    |    21 |       |       |       ||    21
         Scale mail        |       |    48 |    11 |       ||    59
         Troll leather arm |       |       |    53 |    46 ||    99
  Dodge: Dodged            |    37 |    46 |   159 |   122 ||   364

Levels and vault maps discovered:
D:1:      dpeg_arrival_snail, layout_basic
D:2:      layout_rooms, uniq_terence
D:3:      layout_loops_ring, uniq_ijyb, uniq_crazy_yiuf_cottage, uniq_robin
D:4:      layout_cave_pods, nicolae_overflow_squiral, temple_green,
          serial_bayou_ford_a, uniq_duvessa
D:5:      layout_loops_cross
D:6:      layout_rooms, nicolae_tso_carved_into_rock, chei_slow_surprise,
          nicolae_vehumet_altar_sigil
D:7:      layout_basic, lemuel_flame_loot_1, uniq_menkaure
D:8:      layout_loops_ring
D:9:      layout_small_grid, fedhas_ov_isle_minmay, lair_entry_dummy,
          uniq_psyche, uniq_maurice
Temple:   minmay_freezing_vapour_temple

Notes
Turn   | Place    | Note
-------+----------+-------------------------------------------
     0 | D:1      | scionoferis the Djinni Warper began the quest for the Orb.
     0 | D:1      | scionoferis set off with the following spells memorised:
                  | Blink, Lesser Beckoning, Vhi's Electric Charge, Teleport
                  | Other, Manifold Assault.
     0 | D:1      | Reached XP level 1. HP: 18/18 MP: 0/0
    90 | D:1      | Reached skill level 2 in Long Blades
   134 | D:1      | Reached XP level 2. HP: 22/23 MP: 0/0
   284 | D:1      | Reached XP level 3. HP: 28/28 MP: 0/0
   284 | D:1      | Learned a level 1 spell: Sandblast
   784 | D:2      | Reached skill level 1 in Stealth
   858 | D:2      | Reached XP level 4. HP: 34/34 MP: 0/0
  1021 | D:2      | Noticed Terence
  1033 | D:2      | Killed Terence
  1416 | D:3      | Reached skill level 3 in Long Blades
  1422 | D:3      | Reached XP level 5. HP: 30/39 MP: 0/0
  1422 | D:3      | Learned a level 2 spell: Static Discharge
  1575 | D:3      | Noticed Ijyb
  1617 | D:3      | Killed Ijyb
  1618 | D:3      | Reached skill level 3 in Spellcasting
  1720 | D:3      | Reached skill level 3 in Fighting
  1826 | D:3      | Noticed Robin
  1840 | D:3      | Killed Robin
  2171 | D:3      | Found a runed translucent door.
  2172 | D:3      | Noticed Crazy Yiuf
  2241 | D:4      | Found a staircase to the Ecumenical Temple.
  2265 | Temple   | Entered the Ecumenical Temple
  2277 | Temple   | Became a worshipper of Makhleb the Destroyer
  2512 | D:4      | Reached XP level 6. HP: 45/46 MP: 0/0
  2515 | D:4      | You are sucked into a shaft and drop 1 floor!
  2515 | D:5      | Entered Level 5 of the Dungeon
  2530 | D:5      | Noticed a troll
  2536 | D:5      | Killed a troll
  2537 | D:5      | Reached skill level 4 in Long Blades
  2537 | D:5      | Reached skill level 2 in Stealth
  2537 | D:5      | Reached XP level 7. HP: 43/50 MP: 0/0
  2537 | D:5      | Learned a level 3 spell: Stone Arrow
  3043 | D:4      | Reached * piety under Makhleb
  3115 | D:4      | Found a white marble altar of Elyvilon.
  3116 | D:4      | Found a hide-covered altar of Uskayaw.
  3148 | D:4      | Noticed Dowan
  3165 | D:4      | Noticed Duvessa
  3398 | D:4      | Killed Dowan
  3399 | D:4      | Reached skill level 4 in Fighting
  3415 | D:4      | Killed Duvessa
  3416 | D:4      | Reached skill level 5 in Long Blades
  3416 | D:4      | Reached skill level 3 in Stealth
  3416 | D:4      | Reached XP level 8. HP: 38/58 MP: 0/0
  3852 | D:5      | Reached skill level 4 in Spellcasting
  4250 | D:6      | Reached skill level 6 in Long Blades
  4675 | D:6      | Reached skill level 5 in Fighting
  4675 | D:6      | Reached XP level 9. HP: 40/65 MP: 0/0
  4675 | D:6      | Learned a level 3 spell: Swiftness
  4731 | D:6      | Reached skill level 4 in Stealth
  4758 | D:6      | HP: 6/65 [killer bee (6)]
  4758 | D:6      | HP: 2/65 [killer bee (4)]
  4768 | D:6      | HP: 6/65 [killer bee (4)]
  4892 | D:6      | Reached ** piety under Makhleb
  4948 | D:6      | Reached skill level 7 in Long Blades
  5098 | D:6      | Found a snail-covered altar of Cheibriados.
  5218 | D:6      | Reached skill level 5 in Spellcasting
  5276 | D:6      | Reached skill level 6 in Fighting
  5302 | D:6      | Found a glowing golden altar of the Shining One.
  5384 | D:7      | Noticed Menkaure
  5415 | D:7      | Killed Menkaure
  5416 | D:7      | Reached skill level 8 in Long Blades
  5416 | D:7      | Reached XP level 10. HP: 70/73 MP: 0/0
  5763 | D:7      | Reached *** piety under Makhleb
  6370 | D:8      | Noticed a two-headed ogre
  6377 | D:8      | Killed a two-headed ogre
  6378 | D:8      | Reached skill level 7 in Fighting
  6378 | D:8      | Reached skill level 3 in Dodging
  6378 | D:8      | Reached skill level 6 in Spellcasting
  6434 | D:8      | Identified the +10 flail of Ascent {drain, Str+3}
  6782 | D:8      | Reached skill level 9 in Long Blades
  7020 | D:8      | Reached **** piety under Makhleb
  7082 | D:9      | HP: 3/75 [killer bee (7)]
  7082 | D:9      | HP: 1/75 [orc/+0 club (2)]
  7090 | D:9      | HP: 6/75 [killer bee (3)]
  7155 | D:9      | Found a staircase to the Orcish Mines.
  7285 | D:9      | Found a staircase to the Lair.
  7334 | D:9      | HP: 7/75 [shadow (3)]
  7334 | D:9      | HP: 3/75 [orc priest/+0 war axe (4)]
  7335 | D:9      | HP: 1/75 [orc priest/+0 war axe (4)]
  7336 | D:9      | Annihilated by a shadow

Vanquished Creatures
  A two-headed ogre (D:8)
  A troll (D:5)
  A wyvern (D:6)
  Menkaure (D:7)
  Duvessa (D:4)
  A water moccasin (D:6)
  4 ice beasts (D:5 D:6 D:7)
  2 sky beasts (D:7)
  An orc warrior (D:6)
  2 centaurs (D:6 D:7)
  A phantom (D:6)
  2 kobold brigands (D:8)
  A bullfrog (D:8)
  2 gnoll sergeants (D:6 D:7)
  4 scorpions (D:4 D:5 D:6)
  10 wights (D:7 D:8)
  Dowan (D:4)
  11 killer bees (D:6 D:8 D:9)
  2 jellies (D:4 D:6)
  8 orc priests (D:5 D:6 D:7 D:8 D:9)
  2 gnoll boudas (D:6 D:7)
  2 sleepcaps (D:5 D:6)
  Ijyb (D:3)
  An iguana (D:5)
  9 orc wizards (D:4 D:7 D:8 D:9)
  Terence (D:2)
  Robin (D:3)
  27 gnolls (D:1 D:3 D:6 D:7)
  4 adders (D:2 D:5 D:6)
  A white imp (D:7)
  2 ufetubi (D:4 D:5)
  2 worms (D:4 D:6)
  3 dart slugs (D:2 D:4)
  35 orcs (D:3 D:4 D:5 D:6 D:7)
  7 ball pythons (D:1 D:2 D:3 D:4)
  3 bats (D:1 D:2 D:3)
  8 endoplasms (D:1 D:2 D:3 D:4)
  2 giant cockroaches (D:1 D:4)
  8 goblins (D:2 D:3 D:4)
  10 hobgoblins (D:1 D:3 D:4)
  7 jackals (D:5)
  5 quokkas (D:1 D:2 D:3 D:4)
  2 frilled lizards (D:1 D:3)
  14 kobolds (D:2 D:3 D:4 D:8)
  10 rats (D:1 D:2 D:3)
224 creatures vanquished.

Table legend: (Time is in decaauts)
 A = Elapsed time spent in this place.
 B = Non-inter-level travel time spent in this place.
 C = Inter-level travel time spent in this place.
 D = Time resting spent in this place.
 E = Time spent auto-exploring this place.
 F = Levels seen in this place.
 G = Mean time per level.
                   A        B        C        D        E       F      G
               +--------+--------+--------+--------+--------+-----+--------+
         Total |   7045 |   6702 |    343 |    435 |   4017 |  10 |  704.5 |
       Dungeon |   7027 |   6685 |    342 |    435 |   4007 |   9 |  780.8 |
        Temple |     17 |     16 |      1 |      0 |     10 |   1 |   17.0 |
               +--------+--------+--------+--------+--------+-----+--------+

Top non-repeatable levels by time:
     D:4: 1096 daAuts
     D:5: 967 daAuts
     D:7: 917 daAuts
     D:3: 906 daAuts
     D:6: 841 daAuts
     D:8: 801 daAuts
     D:1: 788 daAuts
     D:2: 452 daAuts
     D:9: 256 daAuts
  Temple: 17 daAuts

Table legend:
 A = Non-vault XP
 B = Vault XP
 C = Vault XP percentage of total XP
 D = Non-vault monster count
 E = Vault monster count
 F = Vault count percentage of total count
                 A         B        C        D         E       F
            +---------+---------+-------+---------+---------+-------
      Total |    6561 |     475 |   6.8 |     211 |      13 |   5.8
            +---------+---------+-------+---------+---------+-------
        D:1 |      44 |       0 |   0.0 |      20 |       0 |   0.0
        D:2 |      33 |      32 |  49.2 |      12 |       1 |   7.7
        D:3 |      80 |      64 |  44.4 |      19 |       8 |  29.6
        D:4 |     266 |     209 |  44.0 |      27 |       2 |   6.9
        D:5 |     818 |       0 |   0.0 |      20 |       0 |   0.0
        D:6 |    1799 |       5 |   0.3 |      35 |       1 |   2.8
        D:7 |    1538 |     165 |   9.7 |      36 |       1 |   2.7
        D:8 |    1684 |       0 |   0.0 |      35 |       0 |   0.0
        D:9 |     299 |       0 |   0.0 |       7 |       0 |   0.0
            +---------+---------+-------+---------+---------+-------
